 Dungeon Crawl Stone Soup version 0.28-a0-631-g0446da8ef9 (webtiles) character file.

Game seed: 13531871956333761205

1070 Astera the Cudgeller (level 8, 0/68 (78) HPs)
             Began as a Troll Fighter on Oct 10, 2021.
             Was a Priest of Jiyva.
             Slain by Edmund (8 damage)
             ... on level 5 of the Dungeon.
             The game lasted 00:19:15 (3418 turns).

Astera the Cudgeller (Troll Fighter)                Turns: 3418, Time: 00:19:15

HP:   0/68 (78)     AC:  5    Str: 24    XL:     8   Next: 7%
MP:   7/7           EV:  9    Int:  5    God:    Jiyva [***...]
Gold: 98            SH:  8    Dex: 11    Spells: 7/7 levels left

rFire   . . .      SeeInvis .   a - +0 flail
rCold   . . .      Faith    .   c - +0 kite shield
rNeg    . . .      Spirit   .   b - +0 robe
rPois   .          Reflect  .   (helmet restricted)
rElec   .          Harm     .   t - +0 cloak
rCorr   +          Rampage  .   (gloves unavailable)
Will    .....                   (boots unavailable)
Stlth   +.........              (no amulet)
HPRegen 1.21/turn               e - ring of flight
MPRegen 0.10/turn               (no ring)

@: flying, heavily drained
A: large, unfitting armour, claws 3, regeneration 1, shaggy fur 1, tough skin 1
a: Renounce Religion, Request Jelly


You were on level 5 of the Dungeon.
You worshipped Jiyva.
Jiyva was most pleased with you.
You visited 1 branch of the dungeon, and saw 5 of its levels.

You collected 98 gold pieces.

Inventory:

Hand Weapons
 a - a +0 flail (weapon)
 u - a +0 giant spiked club
Missiles
 m - a boomerang (quivered)
Armour
 b - a +0 robe (worn)
 c - a +0 kite shield (worn)
 t - a +0 cloak (worn)
Jewellery
 e - a ring of flight (left claw)
 o - a +6 ring of intelligence
Wands
 s - a wand of mindburst (10)
Scrolls
 g - a scroll of torment {unknown}
 h - a scroll of acquirement {unknown}
 l - a scroll of teleportation {unknown}
 q - a scroll of holy word {unknown}
Potions
 d - a potion of might
 f - a potion of mutation {unknown}
 i - 2 potions of invisibility
 j - a potion of flight {unknown}
 k - 2 potions of cancellation {unknown}
 n - 2 potions of heal wounds {unknown}
 p - a potion of resistance {unknown}
 r - a potion of lignification {unknown}


   Skills:
 + Level 4.0 Fighting
 + Level 5.7 Maces & Flails
 + Level 4.3 Dodging
 + Level 0.8 Stealth
 + Level 4.0 Shields


You had 7 spell levels left.
You didn't know any spells.
Your spell library contained the following spells:

 Spells                   Type           Power      Damage    Failure   Level
 Sublimation of Blood     Necr           0%         N/A       93%         2
 Summon Guardian Golem    Hex/Summ       0%         N/A       99%         3
 Agony                    Necr           0%         N/A       100%        5
 Necromutation            Tmut/Necr      0%         N/A       100%        8


Dungeon Overview and Level Annotations

Branches:
Dungeon (5/15)             Temple (0/1) D:4

Altars:
Gozag
Jiyva

Annotations:
D:5 Edmund, Menkaure


Innate Abilities, Weirdness & Mutations

You are too large for most types of armour.
You have claws for hands.
Your natural rate of healing is unusually fast.
You are covered in fur. (AC +1)
You have tough skin. (AC +1)


Message History

The orc warrior is splashed with acid.
The acid corrodes the orc warrior!
Something hits you.
You feel drained.
The orc warrior hits the jelly with a +0 flail!
The orc warrior is burned by acid!
The jelly hits the orc warrior.
The orc warrior is splashed with acid.
You hit something. You block something's attack.
The orc warrior barely misses the jelly.
The jelly closely misses the orc warrior.
You block something's attack.
You closely miss something.
The orc warrior hits the jelly with a +0 flail!
The jelly dies!
Something hits you.
You feel drained.
You hit something but do no damage. Something hits you!
You feel drained.
* * * LOW HITPOINT WARNING * * *
You closely miss something. Something hits you!
* * * LOW HITPOINT WARNING * * *
You feel drained.
* * * LOW HITPOINT WARNING * * *
You swap places.
Something hits the jelly.
Something drains the jelly.
The acid corrodes something!
The jelly barely misses something.
Something hits the jelly!
The jelly hits something.
Something seems to be corroded for longer.
Something hits the jelly!
Something drains the jelly.
The jelly hits something.
Something seems to be corroded for longer.
Something hits the jelly.
Something drains the jelly.
The jelly dies!
Jiyva gurgles merrily.
There is a stone staircase leading up here.
You start resting.
An orc is nearby!
You block something's attack. Something hits you!
* * * LOW HITPOINT WARNING * * *
You feel drained.
* * * LOW HITPOINT WARNING * * *
You hear a distant slurping noise.
Jiyva appreciates your sacrifice. Something hits you!
You die...

........#..## #..## ####.e.e...
............#####..####....#.....
........#.....####...##.####.#...
.J.<....##.....# ##..........# ..
...(.[.......#.## #o.........#
........##.#.#..###..........#
#...######.#.................###
....## ##.......o..............#
.....###...####.@.#..........#.##
.........#...####.......######..#
.####.........####..#########...>
.# #######......#####.........#.
.# #......###...#.#####.## ##
#..............#####.# #
#....................# #
#........#####..####### #
#......### ##........


You could see an orc warrior and an orc.

Vanquished Creatures
  A water moccasin (D:3)
  Duvessa (D:5)
  3 ogres
  A bullfrog (D:4)
  A wyvern zombie (D:5)
  A hound (D:4)
  A bullfrog skeleton (D:3)
  2 orc priests
  An iguana (D:4)
  A scorpion zombie (D:5)
  2 orc wizards
  2 hound skeletons
  7 adders
  A gnoll (D:1)
  2 worms (D:3)
  An adder skeleton (D:4)
  5 dart slugs
  12 orcs
  3 endoplasms (D:1)
  5 giant cockroaches
  3 goblins
  6 hobgoblins
  16 jackals
  A quokka (D:2)
  7 ball pythons
  5 bats
  A frilled lizard (D:1)
  6 kobolds
  5 rats
103 creatures vanquished.

Vanquished Creatures (others)
  Dowan (D:5)
  3 jellies (D:5)
  An orc priest (D:2)
  An orc wizard (D:2)
  3 orcs
  2 giant cockroaches (D:2)
  2 jackals (D:2)
  3 ball pythons
  A frilled lizard (D:2)
  2 goblins (D:2)
  A kobold (D:2)
  91 plants
111 creatures vanquished.

Grand Total: 214 creatures vanquished

Notes
Turn   | Place    | Note
-------+----------+-------------------------------------------
     0 | D:1      | Astera the Troll Fighter began the quest for the Orb.
     0 | D:1      | Reached XP level 1. HP: 22/22 MP: 0/0
    72 | D:1      | Reached XP level 2. HP: 29/29 MP: 1/1
   216 | D:1      | Reached skill level 2 in Maces & Flails
   229 | D:1      | Found a faded altar of an unknown god.
   250 | D:1      | Reached XP level 3. HP: 36/36 MP: 2/2
   258 | D:1      | Became a worshipper of Jiyva Jipluty the Shapeless
   258 | D:1      | Reached * piety under Jiyva
   756 | D:2      | Reached XP level 4. HP: 44/44 MP: 3/3
   767 | D:2      | Reached ** piety under Jiyva
  1226 | D:2      | Found an opulent altar of Gozag.
  1446 | D:3      | Got the Grimoire of Bewitchment and Dark Rites
  1463 | D:3      | Reached XP level 5. HP: 49/53 MP: 4/4
  1541 | D:3      | Noticed a water moccasin
  1569 | D:3      | Killed a water moccasin
  1570 | D:3      | Reached skill level 3 in Maces & Flails
  1768 | D:3      | Reached XP level 6. HP: 30/61 MP: 5/5
  2497 | D:4      | Reached skill level 4 in Maces & Flails
  2552 | D:4      | Found a staircase to the Ecumenical Temple.
  2601 | D:4      | Reached XP level 7. HP: 67/67 MP: 6/6
  2844 | D:4      | Reached *** piety under Jiyva
  2883 | D:5      | Entered Level 5 of the Dungeon
  2977 | D:5      | Noticed Menkaure
  3019 | D:5      | Reached skill level 5 in Maces & Flails
  3053 | D:5      | HP: 2/68 [ogre (17)]
  3307 | D:5      | Noticed Duvessa
  3326 | D:5      | Noticed Dowan
  3342 | D:5      | Killed Duvessa
  3350 | D:5      | Killed Dowan
  3351 | D:5      | Reached XP level 8. HP: 61/78 MP: 7/7
  3375 | D:5      | Noticed Edmund
  3418 | D:5      | Slain by Edmund

Illustrated notes

Levels and vault maps discovered:
D:1:      lemuel_arrival_lava_pool, layout_rooms,
          hellmonk_ecumenical_altar_blasted, chequers_serial_rivers_micro_e
D:2:      wad_woods_pond, layout_basic, basic_altar
D:3:      layout_basic, kennysheep_generic_room_4
D:4:      layout_rooms, minmay_temple_entry_gardened_gates
D:5:      layout_rooms, serial_park_tiny_2, uniq_duvessa, uniq_edmund,
          uniq_menkaure

Skill      XL: |  1  2  3  4  5  6  7 |
---------------+----------------------+-----
Maces & Flails | 2 3 4 5 |  5.7
Dodging        | 3 4 |  4.3
Fighting       | 3 4 |  4.0
Shields        | 3 4 |  4.0
Stealth        | |  0.8

Action                   |  1- 3 |  4- 6 |  7- 9 || total
-------------------------+-------+-------+-------++-------
Melee: Flail             |   123 |   186 |   141 ||   450
 Stab: Sleeping          |     1 |     3 |       ||     4
Armor: Robe              |    62 |    57 |    59 ||   178
Dodge: Dodged            |    65 |    79 |    69 ||   213
Block: Kite shield       |    50 |    85 |    87 ||   222

Table legend: (Time is in decaauts)
 A = Elapsed time spent in this place.
 B = Non-inter-level travel time spent in this place.
 C = Inter-level travel time spent in this place.
 D = Time resting spent in this place.
 E = Time spent auto-exploring this place.
 F = Levels seen in this place.
 G = Mean time per level.
                   A        B        C        D        E       F      G
               +--------+--------+--------+--------+--------+-----+--------+
         Total |   3614 |   3428 |    186 |     62 |   1180 |   5 |  722.8 |
       Dungeon |   3614 |   3428 |    186 |     62 |   1180 |   5 |  722.8 |
               +--------+--------+--------+--------+--------+-----+--------+

Top non-repeatable levels by time:
     D:3: 1073 daAuts
     D:2: 813 daAuts
     D:1: 712 daAuts
     D:4: 549 daAuts
     D:5: 466 daAuts
